Match 47050705
Unlisted

Match 47050705
End
Construct Barracks
Selects Advanced Infantry Battlegroup
Selects Advanced Infantry Battlegroup
Riflemen Squad
Riflemen Squad
Riflemen Squad
Selects Convert to Ranger Squad
Convert to Ranger Squad
Selects Frontline Medical Station
Air Support Center
Convert to Ranger Squad
Riflemen Squad
Convert to Ranger Squad
Double Sortie
Improved Aircraft Armor
Grasshopper Recon Run
Construct Tank Depot
P-47 Strafing Run
Selects Ranger Weapon Training
Convert to Ranger Squad
P-47 Dive Bomb
M18 Hellcat Tank Destroyer
M18 Hellcat Tank Destroyer
Grasshopper Recon Run
P-47 Dive Bomb
M18 Hellcat Tank Destroyer
Selects Ammunition Storage
Selects M2A1 105mm Howitzer Emplacement
Selects 155mm Rapid Artillery Barrage
M18 Hellcat Tank Destroyer
P-47 Strafing Run
Grasshopper Recon Run
P-47 Dive Bomb
M18 Hellcat Tank Destroyer
P-47 Strafing Run
M18 Hellcat Tank Destroyer
Grasshopper Recon Run
P-47 Dive Bomb
P-47 Strafing Run
M18 Hellcat Tank Destroyer
P-47 Dive Bomb
M18 Hellcat Tank Destroyer
P-47 Dive Bomb
M18 Hellcat Tank Destroyer
P-47 Strafing Run
Grasshopper Recon Run
155mm Rapid Artillery Barrage
M18 Hellcat Tank Destroyer
M18 Hellcat Tank Destroyer
Grasshopper Recon Run
P-47 Dive Bomb
P-47 Strafing Run
M18 Hellcat Tank Destroyer
Grasshopper Recon Run
P-47 Dive Bomb
P-47 Strafing Run
M18 Hellcat Tank Destroyer
Ranger Squad
P-47 Dive Bomb
M18 Hellcat Tank Destroyer
P-47 Strafing Run
P-47 Dive Bomb
M18 Hellcat Tank Destroyer
M18 Hellcat Tank Destroyer
P-47 Dive Bomb
P-47 Strafing Run
ccGOAAALLL
Peppa-Big
Etiyen
Bruistablet
Patrol FORCE
Truhm
大户爱(奶龙版)
0
0

Comments sign in to comment!

No comments posted yet!